Map: Overgrown Facility

Players

Infamous - Winner!

  • Race: Protoss Protoss
  • League: Bronze
  • Spawn Location: 7:00

Poseidon - Winner!

  • Race: Protoss Protoss
  • League: Diamond
  • Spawn Location: 9:00

TPwnSteak

  • Race: Zerg Zerg
  • League: Gold
  • Spawn Location: 1:00

Trauts

  • Race: Protoss Protoss
  • League: Gold
  • Spawn Location: 3:00

VOD

Have the link to the VOD?

Description

Time

  • Played on: March 8, 2018, 11:41 a.m.
  • Length: 18:29
Show
View Real Time Build Order
Export as new Build Order

Infamous Protoss - Winner!

Build Orders:  

Get SALT Encoding   

  12  0:01  Probe  
  13  0:15  Probe  
  14  0:29  Pylon, Probe (Chrono Boost)  
  15  0:45  Probe (Chrono Boost)  
  16  0:54  Gateway  
  16  1:02  Probe (Chrono Boost)  
  17  1:05  Assimilator  
  17  1:14  Probe (Chrono Boost)  
  18  1:27  Probe  
  19  1:34  Assimilator  
  19  1:39  Pylon  
  19  1:43  Pylon  
  19  1:54  Probe  
  19  1:55  Cybernetics Core  
  20  2:10  Probe  
  20  2:11  Zealot  
  23  2:23  Pylon  
  23  2:30  Warp Gate (Chrono Boost)  
  23  2:33  Pylon  
  23  2:42  Shield Battery  
  23  2:44  Shield Battery  
  23  2:45  Gateway  
  23  2:47  Gateway  
  23  2:49  Probe (Chrono Boost)  
  24  3:06  Robotics Facility  
  24  3:22  Forge  
  24  3:23  Probe  
  27  3:27  Sentry  
  27  3:57  Immortal  
  27  4:00  Probe, Robotics Facility  
  32  4:30  Pylon  
  32  4:31  Pylon  
  32  4:33  Protoss Ground Weapons Level 1 (Chrono Boost)  
  32  4:34  Shield Battery  
  32  4:48  Observer  
  33  4:54  Zealot x3  
  39  5:20  Nexus  
  39  5:26  Pylon  
  39  5:29  Probe  
  40  5:36  Sentry x2  
  44  5:54  Robotics Bay  
  44  5:58  Probe  
  45  6:06  Sentry  
  45  6:07  Sentry  
  45  6:08  Zealot  
  51  6:33  Extended Thermal Lance  
  51  6:40  Photon Cannon  
  51  6:41  Shield Battery  
  51  6:54  Probe (Chrono Boost)  
  52  7:04  Probe (Chrono Boost)  
  53  7:14  Assimilator  
  53  7:22  Colossus (Chrono Boost)  
  65  7:31  Colossus (Chrono Boost), Stalker  
  67  7:46  Pylon  
  67  7:53  Probe  
  67  7:54  Pylon, Protoss Ground Armor Level 1 (Chrono Boost)  
  67  7:55  Probe  
  68  8:15  Twilight Council  
  68  8:28  Stalker x2  
  72  8:36  Probe  
  72  8:37  Probe  
  74  8:48  Probe  
  74  8:49  Probe  
  76  8:57  Forge, Stalker  
  76  8:58  Stalker x2  
  82  9:15  Probe  
  83  9:24  Pylon  
  83  9:28  Pylon, Protoss Ground Weapons Level 2 (Chrono Boost)  
  83  9:31  Assimilator  
  83  9:43  Templar Archives  
  83  9:51  Zealot x3  
  89  10:08  Charge (Chrono Boost)  
  89  10:30  Colossus  
  89  10:35  Stalker x3  
  101  10:49  Stargate  
  101  10:56  Probe (Chrono Boost)  
  103  11:06  Probe x2 (Chrono Boost)  
  104  11:12  Probe  
  105  11:22  Nexus  
  105  11:23  Pylon x2  
  105  11:28  Photon Cannon  
  105  11:32  Photon Cannon  
  105  11:35  Pylon  
  105  11:39  Probe x2  
  107  11:41  Shield Battery  
  107  11:46  High Templar x2  
  111  11:47  High Templar  
  111  11:53  Archon  
  113  11:55  Void Ray  
  113  12:08  Protoss Air Weapons Level 1 (Chrono Boost)  
  117  12:20  Probe x2  
  119  12:42  Probe x3  
  122  12:51  Assimilator  
  122  12:52  Assimilator  
  122  12:54  Probe  
  122  12:58  Probe x2  
  125  12:59  Pylon  
  125  13:01  Protoss Ground Weapons Level 3 (Chrono Boost)  
  125  13:02  Pylon, Protoss Ground Armor Level 2 (Chrono Boost)  
  125  13:05  Void Ray (Chrono Boost)  
  129  13:17  Colossus  
  135  13:21  Zealot  
  135  13:22  Zealot  
  139  13:32  Probe (Chrono Boost)  
  139  13:33  Probe (Chrono Boost)  
  141  13:39  Probe (Chrono Boost)  
  144  13:49  Probe x2 (Chrono Boost)  
  144  13:51  High Templar x3  
  150  13:56  Archon  
  150  14:03  Archon  
  150  14:05  Void Ray  
  154  14:11  Colossus  
  145  14:21  Observer  
  144  14:39  Probe (Chrono Boost), Photon Cannon  
  144  14:43  Pylon  
  144  14:44  Probe x2 (Chrono Boost)  
  145  14:50  Observer  
  144  15:15  High Templar x2  
  144  15:16  High Templar  
  150  15:22  Probe  
  150  15:25  Probe x2  
  153  15:34  Probe  
  154  15:37  Probe  
  125  16:13  Stalker  
  125  16:14  Stalker x2  
  131  16:22  Probe x3  
  134  16:37  Archon  
  134  16:45  Zealot x3  
  110  18:03  Stalker x2  
  110  18:04  Stalker  
  115  18:22  Gateway  
  115  18:24  Gateway  
  115  18:28  Gateway  
  115  18:29  Gateway  
Show
View Real Time Build Order
Export as new Build Order

Poseidon Protoss - Winner!

Build Orders: Dark Templar Rush 

Get SALT Encoding   

  12  0:05  Probe  
  13  0:18  Pylon  
  13  0:20  Probe (Chrono Boost)  
  14  0:31  Probe (Chrono Boost)  
  15  0:36  Probe (Chrono Boost)  
  15  0:41  Gateway  
  16  0:47  Probe  
  16  0:48  Assimilator  
  17  0:59  Probe (Chrono Boost)  
  17  1:01  Assimilator  
  18  1:09  Probe (Chrono Boost)  
  19  1:15  Probe (Chrono Boost)  
  20  1:26  Probe  
  20  1:32  Cybernetics Core  
  21  1:35  Pylon  
  21  1:38  Probe  
  22  1:50  Probe  
  22  1:53  Zealot  
  25  2:03  Probe  
  25  2:06  Warp Gate (Chrono Boost)  
  26  2:38  Shield Battery  
  26  2:41  Probe  
  26  2:42  Nexus  
  27  2:49  Twilight Council  
  27  2:54  Robotics Facility  
  27  3:02  Pylon  
  27  3:04  Probe  
  28  3:22  Probe  
  28  3:27  Dark Shrine  
  28  3:34  Gateway  
  28  3:38  Gateway  
  28  3:45  Shield Battery  
  28  3:54  Probe (Chrono Boost)  
  30  3:56  Probe (Chrono Boost), Warp Prism  
  30  4:08  Probe (Chrono Boost)  
  30  4:09  Probe (Chrono Boost)  
  34  4:21  Probe  
  34  4:22  Probe  
  36  4:39  Nexus  
  36  4:57  Dark Templar x3  
  42  5:01  Probe x2  
  42  5:06  Assimilator  
  44  5:10  Assimilator  
  44  5:24  Probe x2  
  46  5:32  Nexus  
  46  5:35  Dark Templar  
  48  5:36  Probe x2  
  50  6:05  Probe (Chrono Boost)  
  50  6:06  Probe x2 (Chrono Boost)  
  53  6:16  Probe x3 (Chrono Boost)  
  56  6:31  Dark Templar x3  
  54  6:40  Gateway  
  54  6:41  Gateway  
  54  6:43  Gateway  
  54  6:46  Gateway x2  
  54  6:48  Pylon  
  54  6:49  Probe x3  
  54  6:50  Probe  
  54  6:53  Pylon  
  58  6:54  Assimilator  
  58  6:56  Shield Battery  
  58  6:58  Pylon, Assimilator  
  58  6:59  Pylon  
  58  7:02  Probe x2 (Chrono Boost)  
  58  7:03  Probe (Chrono Boost)  
  58  7:04  Probe (Chrono Boost)  
  62  7:14  Probe x2 (Chrono Boost)  
  62  7:15  Probe (Chrono Boost)  
  66  7:18  Probe (Chrono Boost)  
  66  7:22  Probe x2 (Chrono Boost)  
  69  7:23  Probe (Chrono Boost), Immortal  
  69  7:26  Probe (Chrono Boost)  
  69  7:29  Robotics Facility  
  74  7:32  Robotics Bay  
  74  7:35  Dark Templar x2  
  78  7:38  Dark Templar  
  76  7:55  Probe x4  
  80  8:07  Probe (Chrono Boost)  
  80  8:08  Probe (Chrono Boost)  
  80  8:09  Probe (Chrono Boost)  
  80  8:10  Probe (Chrono Boost)  
  84  8:18  Probe (Chrono Boost)  
  84  8:19  Probe x3 (Chrono Boost), Extended Thermal Lance (Chrono Boost)  
  88  8:23  Probe (Chrono Boost), Colossus x2  
  101  8:45  Dark Templar x2  
  101  8:46  Dark Templar  
  107  9:14  Probe x2  
  107  9:15  Probe x2  
  107  9:17  Assimilator  
  111  9:21  Assimilator  
  111  9:26  Pylon, Probe x2  
  111  9:27  Nexus  
  111  9:28  Pylon  
  111  9:29  Pylon  
  111  9:30  Assimilator  
  113  9:34  Assimilator  
  113  9:35  Pylon  
  113  9:37  Forge  
  113  9:39  Pylon, Forge  
  113  9:41  Forge  
  113  9:43  Colossus  
  113  9:44  Pylon  
  113  9:45  Gravitic Drive  
  119  9:46  Colossus, Pylon  
  125  9:55  Zealot x4  
  125  9:56  Zealot x4  
  135  10:16  Stalker x3  
  135  10:17  Stalker x5  
  145  10:25  Probe x3  
  145  10:26  Probe  
  141  10:30  Photon Cannon  
  141  10:32  Photon Cannon  
  141  10:33  Photon Cannon  
  137  10:35  Photon Cannon  
  137  10:37  Probe x2, Photon Cannon  
  137  10:41  Pylon  
  139  10:44  Pylon  
  139  10:47  Pylon  
  139  10:55  Blink  
  139  11:04  Probe x5  
  142  11:07  Colossus x2  
  156  11:16  Probe x5  
  156  11:17  Stalker x4  
  156  11:18  Stalker x2  
  173  11:20  Stalker  
  173  11:22  Stalker  
  177  11:36  Templar Archives  
  177  11:42  Stargate  
  177  11:43  Stargate  
  177  11:46  Pylon  
  177  11:50  Dark Templar  
  177  11:51  Dark Templar x6  
  177  11:52  Dark Templar  
  193  11:54  Protoss Shields Level 1 (Chrono Boost), Archon  
  193  11:55  Archon x3, Protoss Ground Armor Level 1 (Chrono Boost)  
  193  11:56  Protoss Ground Weapons Level 1 (Chrono Boost)  
  193  12:01  Immortal  
  153  13:13  Stalker x6  
  153  13:14  Stalker x2  
  165  13:41  Stalker x2  
  165  13:42  Stalker x4  
  165  13:43  Stalker x2  
  155  14:16  Stalker x2  
  149  14:17  Stalker x4  
  149  14:18  Stalker x2  
  117  14:45  Stalker x2  
  117  14:46  Stalker x5  
  117  14:47  Stalker  
  109  15:12  Dark Templar x6  
  109  15:13  Dark Templar x2  
  78  15:41  Psionic Storm  
  67  15:45  High Templar x3  
  67  15:46  High Templar x5  
  77  15:52  Void Ray x2  
  77  15:55  Probe  
  83  16:01  Immortal x2 (Chrono Boost)  
  85  16:07  Probe  
  85  16:08  Observer Gravitic Boosters  
  88  16:17  Gateway  
  88  16:19  Probe  
  88  16:20  Gateway x2  
  89  16:27  Gateway  
  89  16:31  Probe  
  89  16:32  Gateway  
  88  16:33  Immortal x2, Void Ray x2 (Chrono Boost)  
  88  16:34  Gateway  
  88  16:36  Gateway  
  88  16:37  Gateway  
  104  16:42  Probe x3  
  104  16:43  Probe  
  108  16:54  Probe x3  
  109  16:55  Probe  
  109  17:01  Pylon, Gateway  
  112  17:03  Pylon  
  112  17:05  Pylon  
  112  17:07  Void Ray x2  
  112  17:13  Observer x2  
  122  17:17  Stalker x3  
  122  17:18  Stalker x3  
  122  17:19  Stalker x2  
  134  18:01  Stalker x6  
  134  18:02  Stalker x2  
  158  18:17  Stalker x4  
  158  18:18  Stalker x4  
Show
View Real Time Build Order
Export as new Build Order

TPwnSteak Zerg 

Build Orders: Hatch First 

Get SALT Encoding   

  12  0:12  Overlord  
  13  0:14  Drone  
  13  0:20  Drone  
  14  0:35  Drone  
  14  0:36  Drone  
  16  0:55  Hatchery  
  15  1:01  Drone x2  
  17  1:06  Extractor  
  17  1:10  Drone  
  17  1:21  Spawning Pool  
  17  1:25  Drone  
  17  1:33  Drone  
  17  1:39  Drone  
  19  1:51  Drone  
  20  2:01  Overlord  
  20  2:10  Metabolic Boost  
  20  2:11  Queen  
  20  2:13  Queen  
  20  2:15  Drone  
  25  2:19  Drone  
  25  2:21  Drone  
  27  2:25  Drone  
  28  2:30  Drone  
  29  2:39  Roach Warren  
  29  2:41  Drone  
  29  2:44  Drone  
  29  2:45  Drone  
  31  2:53  Drone  
  32  3:06  Zergling x4  
  34  3:22  Roach  
  34  3:23  Overlord  
  34  3:24  Overlord x2  
  36  3:40  Extractor  
  35  4:04  Drone x8  
  35  4:05  Drone x4  
  47  4:12  Roach  
  47  4:16  Lair  
  49  4:25  Spine Crawler  
  49  4:26  Spine Crawler  
  49  4:30  Spore Crawler  
  46  4:33  Spore Crawler x2  
  44  4:42  Spine Crawler  
  43  4:46  Drone x2  
  43  4:47  Drone x2  
  43  4:48  Overlord x3  
  43  4:52  Roach x3  
  53  4:58  Pneumatized Carapace  
  53  5:13  Overseer x3  
  53  5:46  Roach x3  
  53  5:47  Roach  
  53  5:49  Zergling x8  
  66  5:50  Zergling x16  
  73  6:14  Roach x3  
  73  6:16  Zergling x2  
  80  6:19  Hatchery  
  74  6:45  Roach x2  
  74  6:46  Roach  
  74  6:47  Roach  
  82  6:55  Extractor  
  82  6:56  Extractor  
  80  7:18  Hatchery  
  80  7:19  Queen  
  80  7:21  Queen  
  83  7:23  Hatchery  
  82  7:32  Evolution Chamber x2  
  80  7:38  Infestation Pit  
  79  7:49  Drone x3  
  82  7:59  Drone x2  
  82  8:02  Zerg Melee Weapons Level 1  
  82  8:04  Zerg Ground Armor Level 1  
  84  8:15  Hatchery  
  84  8:27  Drone  
  84  8:29  Overlord x7  
  84  8:31  Hatchery, Glial Reconstitution  
  83  8:50  Queen  
  85  9:15  Hydralisk Den  
  85  9:16  Hive  
  84  9:18  Overseer x3  
  84  9:24  Drone x2  
  84  9:25  Drone x10  
  84  9:26  Drone x7  
  84  9:27  Drone x6  
  84  9:30  Drone x2  
  84  9:31  Drone x3  
  114  9:39  Overseer x3  
  114  9:46  Grooved Spines  
  114  9:58  Zerg Missile Weapons Level 1  
  111  10:06  Hydralisk x2  
  111  10:07  Hydralisk x4  
  102  10:20  Drone x6  
  102  10:21  Drone x2  
  107  10:22  Drone  
  107  10:23  Drone  
  107  10:28  Drone x2  
  108  10:29  Drone  
  109  10:38  Spore Crawler  
  109  10:41  Spore Crawler  
  107  10:43  Spine Crawler  
  107  10:44  Drone x4  
  107  10:48  Hydralisk  
  112  10:52  Drone x3  
  115  11:11  Tunneling Claws  
  115  11:15  Burrow  
  115  11:20  Roach x6  
  115  11:21  Roach x5  
  137  11:37  Drone x4  
  137  11:38  Drone x6  
  147  11:43  Drone x6  
  147  11:45  Overlord  
  153  11:52  Muscular Augments, Zerg Melee Weapons Level 2  
  153  11:55  Ultralisk Cavern  
  152  12:12  Ravager  
  153  12:24  Queen  
  157  12:33  Hydralisk x3  
  157  12:34  Hydralisk x2  
  157  12:38  Roach x23  
  146  12:47  Hydralisk x5  
  146  12:48  Hydralisk x4  
  146  13:05  Overlord x7  
  134  13:36  Hydralisk x4  
  134  13:37  Hydralisk x8  
  134  13:38  Hydralisk x2  
  162  13:50  Roach x15  
  162  14:13  Hydralisk x4  
  162  14:14  Hydralisk x4  
  178  14:19  Roach x15  
  178  14:23  Hydralisk x2  
  182  14:40  Hydralisk x4  
  182  14:45  Roach x6  
  150  15:29  Ultralisk Cavern  
  149  15:37  Hydralisk x2  
  149  15:38  Hydralisk x5  
  157  15:51  Hydralisk x2  
  157  15:52  Hydralisk  
  123  16:06  Hydralisk x2  
  127  16:17  Extractor  
  127  16:18  Extractor  
  125  16:19  Hydralisk x2  
  129  16:28  Hydralisk  
  129  16:29  Hydralisk  
  133  16:54  Spire  
  133  16:57  Hatchery  
  127  17:14  Hydralisk x4  
  127  17:15  Hydralisk x2  
  108  17:16  Hydralisk  
  76  17:25  Hydralisk  
  76  17:26  Hydralisk  
  78  17:36  Hydralisk x3  
  80  17:38  Hydralisk  
  76  17:44  Hydralisk  
  76  17:47  Hydralisk  
  72  17:54  Hydralisk  
Show
View Real Time Build Order
Export as new Build Order

Trauts Protoss 

Build Orders:  

Get SALT Encoding   

  12  0:01  Probe  
  13  0:13  Probe  
  14  0:19  Pylon  
  14  0:25  Probe  
  15  0:37  Gateway  
  15  0:38  Probe (Chrono Boost)  
  16  0:45  Assimilator  
  16  0:48  Probe (Chrono Boost)  
  17  0:53  Probe  
  18  1:04  Assimilator  
  18  1:05  Probe (Chrono Boost)  
  19  1:14  Probe (Chrono Boost)  
  20  1:19  Probe (Chrono Boost)  
  20  1:24  Cybernetics Core  
  21  1:34  Probe  
  22  1:46  Probe  
  23  1:49  Pylon  
  23  1:53  Gateway  
  23  1:57  Gateway  
  23  1:58  Warp Gate (Chrono Boost)  
  23  2:07  Probe  
  24  2:13  Pylon  
  24  2:18  Sentry  
  24  2:19  Probe  
  27  2:31  Probe  
  28  2:37  Gateway  
  28  2:43  Probe, Stalker  
  31  2:49  Stalker  
  33  2:55  Probe, Sentry  
  36  3:02  Pylon  
  36  3:19  Probe  
  37  3:21  Pylon, Stalker  
  37  3:22  Sentry  
  37  3:24  Adept  
  43  3:34  Stalker  
  45  3:44  Pylon  
  45  3:57  Forge  
  45  3:59  Twilight Council  
  44  4:20  Robotics Facility  
  44  4:26  Stalker  
  44  4:27  Stalker  
  44  4:30  Adept  
  50  4:41  Probe  
  51  4:45  Protoss Ground Weapons Level 1 (Chrono Boost)  
  51  4:53  Probe  
  47  5:18  Probe (Chrono Boost)  
  45  5:28  Probe (Chrono Boost)  
  45  5:44  Nexus  
  45  5:46  Pylon  
  45  5:49  Pylon  
  45  6:22  Photon Cannon  
  45  6:33  Observer  
  46  6:44  Assimilator  
  46  6:54  Observer  
  46  6:58  Probe (Chrono Boost)  
  48  7:07  Probe (Chrono Boost)  
  49  7:12  Probe  
  49  7:15  Assimilator  
  50  7:25  Probe  
  52  7:37  Probe  
  52  7:40  Nexus  
  52  8:01  Pylon  
  52  8:03  Probe (Chrono Boost)  
  53  8:08  Pylon  
  54  8:13  Probe (Chrono Boost)  
  54  8:18  Probe (Chrono Boost)  
  55  8:24  Stargate  
  55  8:26  Stargate  
  55  8:29  Probe  
  57  8:41  Probe  
  57  8:53  Probe (Chrono Boost)  
  58  8:59  Probe (Chrono Boost)  
  58  9:02  Probe (Chrono Boost)  
  59  9:06  Probe (Chrono Boost)  
  59  9:07  Probe (Chrono Boost)  
  59  9:08  Void Ray  
  65  9:14  Phoenix  
  67  9:17  Probe  
  67  9:19  Probe  
  69  9:29  Probe  
  70  9:31  Probe  
  71  9:41  Probe, Zealot x3  
  71  9:42  Zealot  
  71  9:43  Probe  
  81  9:54  Probe  
  81  9:55  Probe  
  83  10:06  Probe  
  84  10:07  Probe  
  84  10:09  Void Ray (Chrono Boost)  
  84  10:10  Void Ray (Chrono Boost)  
  93  10:19  Probe  
  94  10:34  Pylon x2  
  94  10:36  Pylon  
  94  10:40  Pylon  
  94  10:41  Fleet Beacon  
  94  10:43  Pylon  
  94  10:45  Pylon  
  94  10:47  Pylon  
  94  10:52  Probe x2  
  96  11:01  Void Ray (Chrono Boost)  
  102  11:04  Probe x2  
  102  11:12  Nexus  
  102  11:16  Probe  
  102  11:17  Void Ray (Chrono Boost)  
  107  11:31  Probe (Chrono Boost)  
  116  11:36  Carrier (Chrono Boost), Mothership (Chrono Boost)  
  122  11:44  Probe (Chrono Boost)  
  123  12:00  Carrier (Chrono Boost)  
  129  12:02  Zealot x4  
  137  12:09  Pylon  
  137  12:10  Pylon  
  137  12:12  Pylon  
  137  12:28  Probe (Chrono Boost)  
  138  12:33  Photon Cannon  
  139  12:37  Photon Cannon  
  139  12:38  Probe (Chrono Boost)  
  139  12:42  Shield Battery  
  139  12:43  Probe (Chrono Boost)  
  139  12:45  Shield Battery  
  140  12:55  Probe  
  141  12:59  Void Ray (Chrono Boost)  
  145  13:07  Probe  
  146  13:20  Carrier (Chrono Boost)  
  152  13:28  Probe (Chrono Boost)  
  152  13:31  Assimilator  
  152  13:32  Carrier (Chrono Boost)  
  153  13:37  Assimilator  
  153  13:38  Probe (Chrono Boost)  
  160  13:43  Probe (Chrono Boost)  
  159  13:55  Probe  
  160  14:07  Probe  
  143  14:19  Probe  
  144  14:28  Carrier (Chrono Boost)  
  132  14:38  Carrier (Chrono Boost)  
  102  15:37  Carrier (Chrono Boost)  
  102  15:41  Stargate  
  102  15:43  Stargate  
  102  15:44  Probe (Chrono Boost)  
  109  15:53  Carrier (Chrono Boost)  
  109  15:54  Probe (Chrono Boost)  
  110  15:58  Probe (Chrono Boost)  
  101  16:10  Probe  
  95  16:22  Probe (Chrono Boost)  
  91  16:32  Probe (Chrono Boost)  
  87  16:37  Probe (Chrono Boost)  
  87  16:38  Photon Cannon x2  
  88  16:40  Photon Cannon  
  88  16:41  Carrier (Chrono Boost)  
  88  16:45  Photon Cannon  
  88  16:46  Photon Cannon  
  108  16:48  Probe, Photon Cannon  
  108  16:50  Photon Cannon  
  109  16:54  Carrier (Chrono Boost)  
  109  17:01  Probe, Nexus  
  110  17:03  Pylon  
  110  17:05  Pylon  
  110  17:06  Pylon  
  110  17:08  Pylon, Carrier x2 (Chrono Boost)  
  110  17:12  Shield Battery  
  110  17:14  Shield Battery  
  122  17:17  Shield Battery  
Tags
 
Add a new tag
Caveats
  • Supply blocks, unpowered buildings, or Contaminate may cause inaccurate times.
  • Supply counts are checked every 10 seconds.